 Dungeon Crawl Stone Soup version 0.17-a0-1435-geafbe2f (webtiles) character file.

6874 Kisielow the Carver (level 10, -20/93 HPs)
             Began as a Minotaur Fighter on June 27, 2015.
             Was a Believer of Okawaru.
             Killed from afar by Nergalle (28 damage)
             ... with a bolt of negative energy
             ... on level 1 of the Lair of Beasts.
             The game lasted 00:18:18 (9315 turns).

Kisielow the Carver (Minotaur Fighter)              Turns: 9315, Time: 00:18:18

Health: -20/93     AC: 19    Str: 24    XL:     10   Next: 78%
Magic:  18/18      EV:  5    Int: 12    God:    Okawaru [**....]
Gold:   581        SH: 11    Dex: 10    Spells: 0 memorised, 9 levels left

rFire  + . .     SeeInvis .     J - +0 long sword (slice)
rCold  x . .     Clarity  .     h - +0 plate armour
rNeg   . . .     SustAt   .     c - +0 shield
rPois  .         Gourm    .     (helmet restricted)
rElec  .         Spirit   .     o - +2 cloak
rCorr  .         Warding  .     y - +0 pair of gloves
rMut   .         Stasis   .     B - +0 pair of boots
MR     .....                    (no amulet)
Stlth  ..........               F - ring "Vaolearrykh" {rF+ rC- MP+9 Int+3}
                                K - +4 ring of intelligence

@: heavily drained, not resistant to hostile enchantments, extremely unstealthy
A: retaliatory headbutt, horns 2
a: Heroism, Renounce Religion


You were on level 1 of the Lair of Beasts.
You worshipped Okawaru.
Okawaru was pleased with you.
You were very hungry.

You visited 3 branches of the dungeon, and saw 11 of its levels.
You also visited: Sewer.

You collected 581 gold pieces.

Inventory:

Hand weapons
 a - a +1 long sword
 J - a +0 long sword of slicing (weapon)
 L - a +1 scimitar of flaming
Armour
 c - a +0 shield (worn)
 h - a +0 plate armour (worn)
 o - a +2 cloak (worn)
 y - a +0 pair of gloves (worn)
 B - a +0 pair of boots (worn)
Jewellery
 q - an uncursed ring of fire
 A - an uncursed ring of protection from fire
 F - the ring "Vaolearrykh" (right hand) {rF+ rC- MP+9 Int+3}
   (You found it on level 7 of the Dungeon)

   [ring of protection from fire]

   It affects your intelligence (+3).
   It protects you from fire.
   It makes you vulnerable to cold.
   It affects your magic capacity (+9).
 K - a +4 ring of intelligence (left hand)
Magical devices
 n - a wand of disintegration (24)
 G - a wand of slowing (14)
Scrolls
 f - 2 scrolls of magic mapping
 g - 5 scrolls of remove curse
 i - 8 scrolls of identify
 l - 6 scrolls of teleportation
 r - 2 scrolls of fog
 s - 6 scrolls of recharging
 t - 3 scrolls of fear
Potions
 d - a potion of might
 j - 6 potions of curing
 k - 3 potions of brilliance
 m - 2 potions of magic
 u - a potion of invisibility {unknown}
 w - a potion of lignification {unknown}
 z - a potion of ambrosia {unknown}
 C - a potion of berserk rage
 D - a potion of cure mutation {unknown}
 H - a potion of cancellation {unknown}
Books
 x - a book of Geomancy

   Spells                             Type                      Level
   a - Sandblast                      Earth                        1
   b - Stoneskin                      Transmutation/Earth          2
   c - Passwall                       Transmutation/Earth          3
   d - Stone Arrow                    Conjuration/Earth            3
   e - Petrify                        Transmutation/Earth          4
   f - Lee's Rapid Deconstruction     Earth                        5
Miscellaneous
 E - a plain deck of defence
Comestibles
 b - 4 meat rations
 e - 6 bread rations
 p - 5 beef jerkies
 v - 2 slices of pizza


   Skills:
 + Level 10.2(7.3) Fighting
 + Level 11.2(8.3) Long Blades
 + Level 10.1(7.2) Armour
 + Level 10.2(7.4) Shields


You had 9 spell levels left.
You didn't know any spells.

Dungeon Overview and Level Annotations

Branches:
Dungeon (9/15)             Temple (1/1) D:6            Lair (1/8) D:9
    Orc: D:9-12

Altars:
Ashenzari
Cheibriados
Dithmenos
Elyvilon
Fedhas
Gozag
Kikubaaqudgha
Makhleb
Nemelex Xobeh
Okawaru
Qazlal
Ru
Sif Muna
Trog
Vehumet
Xom
Yredelemnul
Zin
The Shining One

Shops:
D:5 =   D:6 =

Annotations:
Lair:1 Nergalle


Innate Abilities, Weirdness & Mutations

You reflexively headbutt those who attack you in melee.
You have a pair of horns on your head.


Message History

You block the spectral orc's attack.
The spectral orc hits you but does no damage.
Nergalle gestures at you while chanting.
The bolt of negative energy hits you!
You feel drained.
* * * LOW HITPOINT WARNING * * *
The bolt of negative energy hits the spectral orc warrior.
The spectral orc warrior completely resists.
You barely miss Nergalle.
Nergalle is heavily wounded.
The spectral orc barely misses you.
The spectral orc hits you but does no damage.
The spectral orc warrior hits you but does no damage.
Nergalle hits you but does no damage.
The spectral orc hits you but does no damage.
You hit Nergalle but do no damage.
Nergalle is heavily wounded.
The spectral orc hits you but does no damage.
Nergalle points at you and mumbles some strange words.
The bolt of negative energy hits you!
You feel drained.
You die...

##
##################P#####
.................Z......
.....##.###....Z@o......
.#...#### #.....Z.......
##...# #.............
#...P# #.............
#...## #......###.PPP
#...##. #......# ####
##..... ........#
#................#
.......... ....


You could see Nergalle, 2 spectral orcs and a spectral orc warrior.

Vanquished Creatures
  Erica (Lair:1)
  The ghost of beatless the Grappler, an experienced TrMo (D:6)
  A spiny frog (Lair:1)
  A komodo dragon (D:9)
  A spriggan (D:7)
  A deep elf mage (D:9)
  A basilisk (Lair:1)
  2 yaks (D:9)
  Menkaure (D:5)
  A hungry ghost (D:7)
  Duvessa (D:4)
  A water moccasin (Lair:1)
  2 orc warriors
  2 ogres
  2 phantoms
  A necrophage (D:5)
  2 centaurs
  A big kobold (D:9)
  7 giant frogs
  2 crocodiles
  Dowan (D:4)
  3 scorpions
  17 killer bees
  2 crimson imps
  4 electric eels
  A jelly (D:5)
  2 orc priests
  A centaur skeleton (D:6)
  A giant frog skeleton (D:5)
  2 giant frog zombies
  3 hounds
  12 orc wizards
  5 iguanas
  10 worker ants
  4 river rats (Sewer)
  14 adders
  3 gnolls
  2 shadow imps
  An ooze (Sewer)
  2 worms (D:4)
  4 giant geckos
  34 orcs
  2 bat skeletons
  A bat zombie (D:6)
  3 giant cockroaches
  8 goblins
  15 hobgoblins
  7 jackals
  23 kobolds
  5 quokkas
  13 ball pythons
  24 bats
  A giant gecko skeleton (D:5)
  7 giant newts
  2 gnoll zombies (D:4)
  34 rats
305 creatures vanquished.

Vanquished Creatures (others)
  A giant gecko (D:7)
  A quokka (D:4)
2 creatures vanquished.

Grand Total: 307 creatures vanquished

Notes
Turn   | Place    | Note
--------------------------------------------------------------
     0 | D:1      | Kisielow the Minotaur Fighter began the quest for the Orb.
     0 | D:1      | Reached XP level 1. HP: 19/19 MP: 0/0
   147 | D:1      | Reached XP level 2. HP: 24/26 MP: 1/1
   337 | D:1      | Reached skill level 4 in Long Blades
   589 | D:2      | Reached XP level 3. HP: 14/31 MP: 2/2
  1259 | D:3      | Reached skill level 5 in Long Blades
  1315 | D:3      | Reached XP level 4. HP: 35/39 MP: 3/3
  1501 | D:3      | Found a deep blue altar of Sif Muna.
  1503 | D:3      | Reached skill level 6 in Long Blades
  1503 | D:3      | Reached XP level 5. HP: 42/45 MP: 4/4
  1584 | D:3      | Found a radiant altar of Vehumet.
  1789 | D:4      | Noticed a phantom
  1816 | D:3      | Reached skill level 7 in Long Blades
  2104 | D:3      | Killed a phantom
  2104 | D:3      | Reached skill level 8 in Long Blades
  2104 | D:3      | Reached XP level 6. HP: 34/51 MP: 5/5
  2180 | D:4      | Found a glowing drain.
  2185 | Sewer    | Entered a sewer
  2561 | Sewer    | HP: 1/52 [giant frog (3)]
  2566 | Sewer    | Reached XP level 7. HP: 23/59 MP: 6/6
  3100 | D:4      | Noticed Duvessa
  3104 | D:4      | Noticed Dowan
  3112 | D:4      | Killed Duvessa
  3112 | D:4      | Reached skill level 5 in Shields
  3115 | D:4      | Found a white marble altar of Elyvilon.
  3136 | D:4      | Killed Dowan
  3136 | D:4      | Reached skill level 5 in Fighting
  3136 | D:4      | Reached skill level 5 in Armour
  3255 | D:4      | Found a basalt altar of Yredelemnul.
  3426 | D:5      | Entered Level 5 of the Dungeon
  3449 | D:5      | Reached XP level 8. HP: 66/69 MP: 7/7
  3835 | D:5      | Found Bayl's Jewellery Shoppe.
  3840 | D:5      | Noticed Menkaure
  3846 | D:5      | Killed Menkaure
  4546 | D:6      | Found Peshisy's Jewellery Emporium.
  4547 | D:6      | Noticed beatless's ghost (experienced TrMo)
  4568 | D:6      | Killed beatless's ghost
  4568 | D:6      | Reached skill level 9 in Long Blades
  4568 | D:6      | Reached XP level 9. HP: 34/80 MP: 8/8
  4679 | D:6      | Found a staircase to the Ecumenical Temple.
  4705 | Temple   | Entered the Ecumenical Temple
  5732 | D:7      | Reached skill level 10 in Long Blades
  6008 | D:7      | Found an iron altar of Okawaru.
  6008 | D:7      | Found a glowing golden altar of the Shining One.
  6012 | D:7      | Became a worshipper of Warmaster Okawaru
  6066 | D:7      | Found a sparkling altar of Nemelex Xobeh.
  6184 | D:7      | Got a sparkling wooden ring
  6243 | D:7      | Identified the ring "Vaolearrykh" {rF+ rC- MP+9 Int+3} (You found it on level 7 of the Dungeon)
  6396 | D:8      | Reached XP level 10. HP: 88/90 MP: 9/9
  6525 | D:8      | Found a sacrificial altar of Ru.
  6728 | D:8      | Found a snail-covered altar of Cheibriados.
  7519 | D:9      | Acquired Okawaru's first power
  7526 | D:9      | Found a staircase to the Lair.
  7543 | D:9      | HP: 2/91 [yak (11)]
  8772 | Lair:1   | Entered Level 1 of the Lair of Beasts
  8868 | Lair:1   | Noticed Erica
  8883 | Lair:1   | Reached skill level 10 in Shields
  8900 | Lair:1   | Killed Erica
  8900 | Lair:1   | Reached skill level 10 in Fighting
  8900 | Lair:1   | Reached skill level 11 in Long Blades
  8900 | Lair:1   | Reached skill level 10 in Armour
  9290 | Lair:1   | Noticed Nergalle
  9315 | Lair:1   | Killed from afar by Nergalle

Vault maps used:
D:1:      saegor_arrival_simple_b
D:3:      nicolae_overflow_hidden_temple, first_bread, tgw_sif
D:4:      lemuel_zombie_altar_yredelemnul, gup_sewer_entry_bowl,
          elyvilon_altar_4, uniq_duvessa
D:5:      serial_shops, nicolae_shop_trees, minmay_door_square, uniq_menkaure
D:6:      temple_statues, serial_shops, shop
D:7:      nemelex_deck, gammafunk_temple_overflow_wave, serial_bayou_pond_b,
          the_bakery, kennysheep_nondescript
D:8:      nicolae_ru_great_annihilating_truth, cheibriados_altar_wand_db,
          kennysheep_dice
D:9:      dpeg_lair_monsters, hive_lemuel
Temple:   nicolae_temple_x_marks_the_god
Lair:1:   serial_bayou_pond_b, roderic_batcave, uniq_nergalle, uniq_erica
Sewer:    sewer_minmay_w

Action                   |  1- 3 |  4- 6 |  7- 9 | 10-12 || total
-------------------------+-------+-------+-------+-------++-------
Melee: Long sword        |   105 |   301 |   434 |   249 ||  1089
  Use: Scroll            |       |     6 |     5 |       ||    11
       Potion            |       |     3 |     2 |     2 ||     7
 Stab: Invisible         |       |       |       |     1 ||     1
       Paralysed         |       |       |       |     1 ||     1
  Eat: Chunk             |     1 |     5 |    13 |     9 ||    28
       Fruit             |       |       |       |     1 ||     1
